AoeStats
← NDF

Arena

504633785Analyzed
1v1 RM · 26d ago on Sep 6, 2026· 63m 0s· 2 players
Game mode
Random Map
Map size
Tiny (2 player)
Population
200
Speed
Normal
Resources
Standard
Victory
Conquest
Starting age
Dark Age
Ending age
Imperial Age
RankedLock teamsTeams togetherTeam positionsShared explorationLock speedFull tech treeHidden civsTurbo modeCheats
Victory
Defeat
🇦🇷 Teutons · Argentina
467
+18
🇳🇱 Slavs · Netherlands
510
-18
NDF
3:29 Loom
13:33 Feudal Age
20:14 Castle Age
18:02 Horse Collar
18:20 Gold Mining
18:30 Stone Mining
18:33 Double-Bit Axe
21:50 Padded Archer Armor
21:41 Fletching
22:03 Forging
21:53 Scale Mail Armor
21:59 Scale Barding Armor
21:25 Crossbowman
23:40 Bow Saw
25:42 Stone Shaft Mining
35:54 Imperial Age
33:40 Heavy Plow
36:14 Sappers
37:05 Ironclad
39:21 Iron Casting
39:03 Leather Archer Armor
39:04 Masonry
40:42 Hoardings
39:44 Capped Ram
40:42 Atonement
42:37 Elite Teutonic Knight
45:12 Blast Furnace
44:29 Chain Mail Armor
48:19 Two-Man Saw
47:55 Ring Archer Armor
47:23 Bodkin Arrow
47:54 Ballistics
48:54 Town Watch
50:14 Wheelbarrow
51:33 Crop Rotation
51:33 Chain Barding Armor
54:28 Plate Mail Armor
54:35 Plate Barding Armor
54:10 Siege Engineers
54:59 Hand Cart
54:42 Guard Tower
56:17 Redemption
56:18 Fervor
56:34 Illumination
56:31 Sanctity
58:30 Town Patrol
59:39 Chemistry
58:24 Arrowslits
59:15 Keep
58:12 Elite Skirmisher
60:34 Block Printing
60:20 Devotion
60:56 Theocracy
60:42 Heresy
sjonsjon [nl]
11:49 Feudal Age
14:22 Scale Mail Armor
14:13 Loom
18:28 Castle Age
20:05 Horse Collar
25:41 Forging
28:45 Squires
28:07 Pikeman
29:15 Double-Bit Axe
30:39 Man-at-Arms
31:41 Chain Mail Armor
32:46 Long Swordsman
38:10 Light Cavalry
39:03 Bloodlines
38:56 Husbandry
39:04 Scale Barding Armor
39:34 Iron Casting
39:25 Heavy Plow
39:39 Bow Saw
40:45 Ballistics
40:49 Chain Barding Armor
48:03 Imperial Age
49:25 Plate Barding Armor
50:47 Blast Furnace
49:45 Hussar
53:05 Chemistry
56:04 Cavalier
56:48 Heavy Scorpion
Connection lost

Rejoining the realm…

Still unreachable

The connection could not be restored.

Session expired

The server has moved on; the page needs a fresh start.